Map: [ESL] Moondance

Players

夜蝶蝶蝶蝶蝶蝶蝶 (Firefly)

  • Race: Protoss Protoss

TIME (Oliveira) - Winner!

  • Race: Terran Terran

Event: DreamHack SC2 Masters 2022 Atlanta (Online)

VOD

Have the link to the VOD?

Description

Time

  • Played on: Oct. 7, 2022, 7:25 a.m.
  • Length: 7:06

All games in this series

Show
View Real Time Build Order
Export as new Build Order

夜蝶蝶蝶蝶蝶蝶蝶 Protoss 

Build Orders: 1 Gate Expand, Blink Stalkers 

Get SALT Encoding   

  12  0:00  Probe  
  13  0:12  Probe  
  14  0:17  Pylon  
  14  0:24  Probe (Chrono Boost)  
  15  0:36  Probe (Chrono Boost)  
  15  0:38  Gateway  
  16  0:45  Probe (Chrono Boost)  
  16  0:48  Assimilator  
  17  0:51  Probe  
  18  1:03  Probe  
  19  1:15  Probe  
  20  1:25  Cybernetics Core  
  20  1:38  Probe  
  21  1:43  Nexus  
  21  1:44  Pylon  
  21  1:52  Probe, Assimilator  
  22  1:59  Adept (Chrono Boost)  
  22  2:02  Warp Gate  
  22  2:05  Probe  
  24  2:17  Probe  
  24  2:18  Pylon  
  25  2:29  Twilight Council, Probe  
  26  2:38  Shield Battery  
  26  2:41  Stalker (Chrono Boost)  
  28  2:47  Probe  
  29  2:51  Shield Battery  
  29  2:55  Probe  
  29  2:56  Blink (Chrono Boost)  
  30  2:59  Probe  
  31  3:09  Probe  
  31  3:11  Probe  
  33  3:17  Gateway  
  33  3:21  Probe  
  33  3:24  Probe  
  35  3:28  Stalker  
  35  3:33  Probe  
  38  3:36  Probe  
  38  3:41  Robotics Facility  
  39  3:45  Probe  
  40  3:49  Shield Battery  
  34  3:59  Probe  
  34  4:00  Probe  
  35  4:08  Stalker  
  37  4:14  Probe  
  29  4:18  Stalker  
  29  4:24  Probe  
  31  4:29  Observer  
  31  4:30  Probe (Chrono Boost)  
  33  4:33  Stalker  
  33  4:36  Probe (Chrono Boost)  
  38  4:47  Probe x2 (Chrono Boost)  
  38  4:51  Probe (Chrono Boost)  
  38  4:53  Probe  
  40  5:03  Charge (Chrono Boost), Probe  
  40  5:05  Probe  
  40  5:11  Gateway x2  
  40  5:15  Gateway  
  40  5:16  Probe  
  40  5:19  Probe  
  42  5:24  Gateway  
  42  5:31  Gateway  
  42  5:33  Probe  
  42  5:44  Warp Prism (Chrono Boost), Probe  
  42  5:45  Probe  
  46  5:53  Zealot x2  
  46  5:57  Pylon  
  50  6:07  Pylon  
  50  6:09  Zealot x2  
  54  6:12  Pylon  
  54  6:18  Zealot x2  
  58  6:20  Zealot  
  58  6:23  Zealot  
  62  6:26  Zealot  
  64  6:35  Zealot, Stalker  
  64  6:38  Zealot  
  70  6:40  Zealot  
  72  7:00  Zealot x6  
Show
View Real Time Build Order
Export as new Build Order

TIME Terran - Winner!

Build Orders:  

Get SALT Encoding   

  12  0:00  SCV  
  13  0:12  SCV  
  14  0:17  Supply Depot  
  14  0:24  SCV  
  15  0:38  SCV  
  15  0:40  Barracks  
  16  0:46  Refinery  
  16  0:51  SCV  
  17  1:01  Engineering Bay  
  17  1:03  SCV  
  18  1:15  SCV  
  19  1:27  Marine  
  19  1:28  Orbital Command  
  20  1:35  Supply Depot  
  20  1:45  Marine  
  21  1:54  SCV  
  22  1:55  Factory  
  22  2:06  SCV  
  23  2:09  Barracks Reactor  
  23  2:18  SCV  
  24  2:26  Command Center  
  24  2:31  SCV  
  25  2:44  Supply Depot  
  25  2:49  Hellion x2  
  29  2:54  Barracks  
  29  2:57  SCV  
  30  3:03  Refinery  
  30  3:10  Hellion x2  
  30  3:12  SCV  
  35  3:14  Barracks Tech Lab  
  35  3:24  SCV  
  36  3:37  Marine  
  36  3:38  Cyclone, Marine  
  36  3:39  Orbital Command  
  41  3:41  Barracks Tech Lab  
  41  3:44  SCV  
  42  3:59  Marine x2  
  42  4:01  Marine  
  45  4:03  Bunker  
  45  4:04  Stimpack  
  45  4:05  SCV  
  45  4:06  SCV  
  47  4:12  Siege Tank  
  47  4:17  SCV  
  47  4:18  SCV  
  47  4:23  Supply Depot  
  47  4:24  Marine  
  47  4:28  Marine  
  47  4:29  Marine  
  49  4:34  SCV  
  49  4:35  SCV  
  49  4:45  Siege Tank  
  52  4:46  SCV  
  52  4:47  Supply Depot, SCV  
  52  4:48  Marine  
  52  4:51  Marine  
  52  4:52  Marauder  
  58  4:58  SCV  
  58  4:59  SCV, Starport  
  60  5:04  Engineering Bay  
  60  5:07  Marine  
  60  5:09  Marine  
  60  5:10  SCV  
  60  5:12  Supply Depot, SCV  
  64  5:17  Marauder  
  64  5:21  Siege Tank  
  69  5:24  SCV  
  69  5:28  Supply Depot  
  70  5:33  SCV, Marine x2  
  70  5:35  Missile Turret  
  69  5:44  Marine, Starport Reactor  
  69  5:45  SCV x2  
  69  5:47  Refinery  
  72  5:52  Marine x2  
  72  5:54  Barracks  
  74  5:57  SCV  
  74  5:58  SCV  
  76  6:04  Marine  
  76  6:05  Supply Depot  
  76  6:11  Marine x2, Factory Reactor  
  77  6:12  Refinery  
  77  6:13  SCV  
  77  6:15  SCV  
  81  6:20  Missile Turret  
  81  6:24  Supply Depot  
  81  6:25  SCV  
  82  6:27  SCV, Marine  
  82  6:29  Medivac  
  82  6:32  Medivac  
  88  6:40  Command Center  
  88  6:42  SCV x2  
  88  6:43  Marine  
  91  6:47  Marine  
Tags
 
Add a new tag
Caveats
  • Supply blocks, unpowered buildings, or Contaminate may cause inaccurate times.
  • Supply counts are checked every 10 seconds.